 Dungeon Crawl Stone Soup version 0.23.1-37-gaa34b87 (webtiles) character file.

Game seed: 12744796111857699441

276 Fang the Skirmisher (level 6, -1/39 HPs)
             Began as a Gargoyle Berserker on Mar 27, 2019.
             Was a Believer of Trog.
             Killed from afar by Natasha (6 damage)
             ... with a magic dart
             ... on level 3 of the Dungeon.
             The game lasted 00:02:34 (3166 turns).

Fang the Skirmisher (Gargoyle Berserker)            Turns: 3166, Time: 00:02:34

Health: -1/39      AC: 11    Str: 22    XL:     6   Next: 25%
Magic:  6/6        EV: 11    Int:  8    God:    Trog [**....]
Gold:   77         SH:  0    Dex:  9    Spells: 5/5 levels left

rFire    . . .     SeeInvis .   a - +0 hand axe
rCold    . . .     Gourm    .   (no shield)
rNeg     + . .     Faith    .   h - +0 scale mail
rPois    ∞         Spirit   .   (no helmet)
rElec    +         Reflect  .   (no cloak)
rCorr    .         Harm     .   (no gloves)
MR       .....                  (no boots)
Stlth    ..........             (no amulet)
HPRegen  0.13/turn              (no ring)
MPRegen  0.10/turn              (no ring)

@: berserk cooldown, slowed, very slow
A: negative energy resistance 1, electricity resistance, unbreathing,
petrification resistance, rot immunity, AC +4
a: Berserk, Trog's Hand, Renounce Religion


You were on level 3 of the Dungeon.
You worshipped Trog.
Trog was pleased with you.
You were not hungry.

You visited 1 branch of the dungeon, and saw 3 of its levels.

You collected 77 gold pieces.

Inventory:

Hand Weapons
 a - a +0 hand axe (weapon)
Armour
 h - a +0 scale mail (worn)
Jewellery
 f - a +4 ring of protection {unknown}
Scrolls
 b - 2 scrolls of teleportation {unknown}
 e - 3 scrolls of blinking {unknown}
 g - a scroll of magic mapping {unknown}
 j - 2 scrolls of remove curse {unknown}
 m - a scroll of immolation {unknown}
Potions
 d - a potion of haste {unknown}
 i - a potion of flight {unknown}
 k - a potion of resistance {unknown}
 l - a potion of cancellation {unknown}
Comestibles
 c - 4 rations


   Skills:
 + Level 4.6 Fighting
 + Level 3.8 Axes
 + Level 3.9 Armour
 + Level 2.9 Dodging


You had 5 spell levels left.
You didn't know any spells.
Your spell library was empty.

Dungeon Overview and Level Annotations

Branches:
Dungeon (3/15)

Altars:
Okawaru
Ru
Yredelemnul

Annotations:
D:3 Natasha


Innate Abilities, Weirdness & Mutations

You are resistant to torment.
Your stone body is resilient. (AC +4)
You are immune to poison.
You resist negative energy. (rN+)
You are resistant to electric shocks. (rElec)
You can survive without breathing.
You are immune to petrification.
You are immune to rotting.


Message History

You butcher the felid corpse of Natasha.
You feel a strong urge to attack something.
n - 2 chunks of flesh You see here the felid skeleton of Natasha.
You start resting.
Eating one of 2 chunks of flesh.
You eat one of the 2 chunks of flesh.
This raw flesh tastes terrible.
You are feeling hungry.
Eating a chunk of flesh.
You eat the chunk of flesh.
This raw flesh tastes terrible.
You feel your anger nearly subside.
You are no longer berserk.
You are exhausted.
You feel yourself slow down.
You start resting.
Natasha, Servant of Life and Death comes into view.
Natasha is nearby!
Natasha is nearby!
Natasha hisses angrily.
Natasha stares at you and mumbles some strange words.
The magic dart hits you.
You die...

+......### #....
#......#### ..
#.|..
#......h..## ..#
#....
###........##.##
#....
.......÷........
#####
.................
.................
......[##÷.......
......##.@.......
######..........
##..#.......
###.. #######
..###.. #..##..
#..#..# #....#


You could see Natasha.

Vanquished Creatures
  A phantom (D:2)
  A howler monkey (D:3)
  Natasha (twice) (D:3)
  3 adders
  2 oozes (D:2)
  A worm (D:2)
  3 dart slugs
  A leopard gecko (D:3)
  2 giant cockroaches
  9 goblins
  7 hobgoblins
  6 jackals
  3 kobolds (D:1)
  A quokka (D:2)
  A ball python (D:3)
  9 bats
  8 rats
60 creatures vanquished.

Notes
Turn   | Place    | Note
-------+----------+-------------------------------------------
     0 | D:1      | Fang the Gargoyle Berserker began the quest for the Orb.
     0 | D:1      | Reached XP level 1. HP: 14/14 MP: 1/1
    87 | D:1      | Reached XP level 2. HP: 6/19 MP: 2/2
   675 | D:1      | Reached XP level 3. HP: 23/23 MP: 3/3
  1190 | D:2      | Reached ** piety under Trog
  1323 | D:2      | Found a sacrificial altar of Ru.
  1475 | D:2      | Reached XP level 4. HP: 29/29 MP: 4/4
  2311 | D:3      | Found a basalt altar of Yredelemnul.
  2411 | D:3      | Reached skill level 4 in Fighting
  2427 | D:3      | Found an iron altar of Okawaru.
  2428 | D:3      | Noticed a phantom
  2808 | D:2      | Killed a phantom
  2808 | D:2      | Reached XP level 5. HP: 24/34 MP: 5/5
  2981 | D:3      | Noticed Natasha
  2985 | D:3      | Reached XP level 6. HP: 31/39 MP: 6/6
  2996 | D:3      | Killed Natasha
  3130 | D:3      | Noticed Natasha
  3142 | D:3      | HP: 2/58 [iron imp[Natasha] (4)]
  3144 | D:3      | Killed Natasha
  3165 | D:3      | Noticed Natasha
  3166 | D:3      | Killed from afar by Natasha

Skill      XL: |  1  2  3  4 |
---------------+-------------+-----
Axes           | 3 |  3.8
Dodging        | 2 |  2.9
Armour         | 3 |  3.9
Fighting       | 4 |  4.6

Action                   |  1- 3 |  4- 6 || total
-------------------------+-------+-------++-------
Melee: Hand axe          |   123 |   142 ||   265
Invok: Berserk           |       |     3 ||     3
       Trog's Hand       |       |     1 ||     1
  Eat: Chunk             |     2 |     9 ||    11
Armor: Animal skin       |    18 |       ||    18
       Scale mail        |    45 |    79 ||   124
Dodge: Dodged            |    93 |    71 ||   164
